 Dungeon Crawl Stone Soup version 0.21-a0-257-gbb444f2 (webtiles) character file.

39 CakeIsGreat the Covered (level 3, 0/24 HPs)
             Began as a Gargoyle Fighter on Sept 6, 2017.
             Slain by a gnoll
             ... wielding a +0 spear
              (1 damage)
             ... on level 2 of the Dungeon.
             The game lasted 00:03:02 (1773 turns).

CakeIsGreat the Covered (Gargoyle Fighter)          Turns: 1773, Time: 00:03:03

Health: 0/24       AC: 10    Str: 20    XL:     3   Next: 45%
Magic:  3/3        EV:  7    Int:  8    God:
Gold:   22         SH:  9    Dex:  9    Spells: 2/2 levels left

rFire    . . .     SeeInvis .   a - +0 flail
rCold    . . .     Gourm    .   c - +0 shield
rNeg     + . .     Faith    .   b - +0 scale mail
rPois    ∞         Spirit   .   (no helmet)
rElec    +         Reflect  .   (no cloak)
rCorr    .         Harm     .   (no gloves)
MR       .....                  (no boots)
Stlth    ..........             (no amulet)
HPRegen  0.08/turn              (no ring)
MPRegen  0.08/turn              (no ring)

@: no status effects
A: negative energy resistance 1, electricity resistance, unbreathing,
petrification resistance, rot immunity, AC +3
a: no special abilities


You were on level 2 of the Dungeon.
You were not hungry.

You visited 1 branch of the dungeon, and saw 2 of its levels.

You collected 22 gold pieces.

Inventory:

Hand Weapons
 a - a +0 flail (weapon)
Missiles
 e - 58 stones (quivered)
Armour
 b - a +0 scale mail (worn)
 c - a +0 shield (worn)
Jewellery
 l - an uncursed ring of ice {unknown}
 n - an uncursed ring of wizardry {unknown}
 o - a cursed amulet of inaccuracy {unknown}
Wands
 t - a wand of digging (9/24)
 v - a wand of paralysis (7/24)
Scrolls
 i - a scroll of teleportation {unknown}
 q - a scroll of remove curse {unknown}
 r - a scroll of immolation {unknown}
Potions
 d - a potion of might
 g - a potion of mutation {unknown}
 j - 2 potions of brilliance {unknown}
 m - a potion of curing {unknown}
 p - a potion of degeneration {unknown}
 s - a potion of cancellation {unknown}
Comestibles
 f - a bread ration
 h - a meat ration
 k - 3 fruits
 u - a chunk of flesh


   Skills:
 * Level 3.7 Fighting
 * Level 2.3 Maces & Flails
 * Level 0.3 Throwing
 * Level 4.0 Armour
 + Level 3.5 Shields
 + Level 0.0 Evocations


You had 2 spell levels left.
You didn't know any spells.

Dungeon Overview and Level Annotations

Branches:
Dungeon (2/15)

Altars:


Innate Abilities, Weirdness & Mutations

You are resistant to torment.
Your stone body is resilient. (AC +3)
You are immune to poison.
You resist negative energy. (rN+)
You are resistant to electric shocks. (rElec)
You can survive without breathing.
You are immune to petrification.
You are immune to rotting.


Message History

Press: ? - help, Shift-Dir - straight line, f/p - gnoll
Aim: a gnoll, wielding a spear (lightly wounded)
You throw a stone. The stone hits the gnoll.
The gnoll is lightly wounded.
The gnoll hits you but does no damage. The gnoll hits you with a spear.
You hit the gnoll but do no damage.
The gnoll is lightly wounded.
The gnoll hits you but does no damage.
You hit the gnoll but do no damage.
The gnoll is lightly wounded.
The gnoll hits you with a spear.
* * * LOW HITPOINT WARNING * * *
You hit the gnoll.
The gnoll is moderately wounded.
The gnoll hits you with a spear.
* * * LOW HITPOINT WARNING * * *
The gnoll hits you but does no damage.
The gnoll hits you from afar with a spear.
You die...

#.[......# ..#
#......
#.#.####.# #.#
#..(>## #.### #.#
#.#####(#.## #.#
#.###....)..#.#
#.#
#........g.##.#
#.#
#####...gg....#
####.#.####
#.#############.#
.......@.gggg...#
..###############
#.#


You could see 4 gnolls.

Vanquished Creatures
  An adder (D:2)
  2 leopard geckos (D:1)
  2 bats
  2 giant cockroaches
  4 goblins
  A hobgoblin (D:1)
  6 jackals
  3 kobolds
  2 rats
23 creatures vanquished.

Notes
Turn   | Place    | Note
-------+----------+-------------------------------------------
     0 | D:1      | CakeIsGreat the Gargoyle Fighter began the quest for the Orb.
     0 | D:1      | Reached XP level 1. HP: 14/14 MP: 1/1
   120 | D:1      | Reached XP level 2. HP: 19/19 MP: 2/2
  1152 | D:2      | Reached XP level 3. HP: 23/23 MP: 3/3
  1697 | D:2      | Reached skill level 4 in Armour
  1772 | D:2      | HP: 1/24 [gnoll/spear (6)]
  1773 | D:2      | Slain by a gnoll

Vault maps used:
D:1:      minmay_arrival_glassed_features
D:2:      lexackson_kobold_supper

Skill      XL: |  1  2  3 |
---------------+----------+-----
Armour         | 4 |  4.0
Fighting       | |  3.7
Maces & Flails | |  2.3
Throwing       | |  0.3
Shields        | |  3.5

Action                   || total
-------------------------++-------
Melee: Flail             ||   129
Throw: Stone             ||    10
  Eat: Chunk             ||     2
       Fruit             ||     1
Armor: Scale mail        ||    80
Dodge: Dodged            ||    55
Block: Shield            ||    78

Table legend:
 A = Spawn XP
 B = Non-spawn XP
 C = Spawn XP percentage of total XP
 D = Spawn monster count
 E = Non-spawn monster count
 F = Spawn count percentage of total count
 G = Total turns spent on level
                    A         B        C        D         E        F      G
               +---------+---------+-------+---------+---------+-------+---------
         Total |       0 |      56 |   0.0 |       0 |      23 |   0.0 |  1773
               +---------+---------+-------+---------+---------+-------+---------
           D:1 |       0 |      26 |   0.0 |       0 |      13 |   0.0 |  1217
           D:2 |       0 |      30 |   0.0 |       0 |      10 |   0.0 |   556
               +---------+---------+-------+---------+---------+-------+---------
